 Dungeon Crawl Stone Soup version 0.21.1-1-g345015f (webtiles) character file.

828 Mgcat the Fighter (level 7, -2/102 HPs)
             Began as a Minotaur Berserker on Feb 9, 2018.
             Was a Priest of Trog.
             Killed by divine providence
             ... invoked by an orc priest
              (11 damage)
             ... on level 5 of the Dungeon.
             The game lasted 00:09:30 (3540 turns).

Mgcat the Fighter (Minotaur Berserker)              Turns: 3540, Time: 00:09:31

Health: -2/102     AC:  4    Str: 27    XL:     7   Next: 65%
Magic:  6/6        EV: 11    Int:  4    God:    Trog [***...]
Gold:   142        SH:  5    Dex: 11    Spells: 6/6 levels left

rFire    . . .     SeeInvis .   a - +1 hand axe
rCold    . . .     Gourm    .   n - +2 buckler
rNeg     . . .     Faith    .   d - +0 leather armour
rPois    .         Spirit   .   (helmet restricted)
rElec    .         Reflect  .   (no cloak)
rCorr    .         Harm     .   f - +0 pair of gloves
MR       .....                  (no boots)
Stlth    ..........             (no amulet)
HPRegen  0.27/turn              (no ring)
MPRegen  0.10/turn              (no ring)

@: berserking, very quick
A: retaliatory headbutt, horns 2
a: Berserk, Trog's Hand, Burn Spellbooks, Renounce Religion


You were on level 5 of the Dungeon.
You worshipped Trog.
Trog was most pleased with you.
You were hungry.

You visited 1 branch of the dungeon, and saw 5 of its levels.

You collected 142 gold pieces.

Inventory:

Hand Weapons
 a - a +1 hand axe (weapon)
Missiles
 m - 6 tomahawks (quivered)
Armour
 d - a +0 leather armour (worn)
   (You found it on level 2 of the Dungeon)
 f - a +0 pair of gloves (worn)
   (You found it on level 4 of the Dungeon)
 n - a +2 buckler (worn)
   (You found it on level 3 of the Dungeon)
Scrolls
 b - a scroll of teleportation {unknown}
 g - 2 scrolls of enchant weapon
 h - a scroll of remove curse
 i - 3 scrolls of amnesia
 j - a scroll of identify
 p - a scroll of random uselessness {unknown}
 r - a scroll of magic mapping {!r}
Potions
 e - 4 potions of haste
 l - 2 potions of resistance {unknown}
 o - a potion of agility {unknown}
 q - a potion of invisibility {unknown}
Comestibles
 c - 5 rations


   Skills:
 + Level 8.2 Fighting
 + Level 8.2 Axes
 - Level 2.4 Armour
 - Level 2.1 Dodging


You had 6 spell levels left.
You didn't know any spells.

Dungeon Overview and Level Annotations

Branches:
Dungeon (5/15)
 Temple: D:4-7

Altars:
Dithmenos
Fedhas
Uskayaw
Zin

Annotations:
D:3 shakethe's ghost, amateur HOFi


Innate Abilities, Weirdness & Mutations

You reflexively headbutt those who attack you in melee.
You have a pair of horns on your head.


Message History

You feel sick.
You feel sick.
You feel sick.
You feel sick.
You feel sick.
You feel sick.
You feel sick.
You open the door.
You found a teleport trap!
You feel sick.
There is an open door here.
Found an escape hatch in the ceiling.
An orc and an orc wizard come into view.
You feel sick.
The orc wizard shouts!
The orc wizard gestures at you while chanting.
The puff of flame misses you.
The orc shouts!
You hear a shout! x2
You start resting.
You feel sick.
You are no longer poisoned.
You start resting.
An orc priest comes into view.
The orc hits you but does no damage.
You barely miss the orc. The orc hits you with a whip.
You completely miss the orc. The orc barely misses you.
You slash the orc!
You kill the orc!
Trog accepts your kill. You block the orc wizard's attack.
An orc comes into view.
Things that are here:
a whip; a ring mail; an orc corpse You hit the orc wizard.
The orc wizard is heavily wounded.
The orc wizard casts a spell.
The orc wizard flickers and vanishes!
Deactivating autopickup; reactivate with Ctrl-A.
The orc priest zaps a wand.
A steam dragon appears out of thin air!
Reactivating autopickup.
It is a wand of polymorph (13).
The orc throws a tomahawk.
You block the tomahawk.
You slash the steam dragon!
The steam dragon is moderately wounded.
The orc throws a tomahawk.
The tomahawk barely misses you. The steam dragon bites you!
You block the steam dragon's attack.
You are too injured to fight recklessly!
You are too injured to fight recklessly!
You are too injured to fight recklessly!
You are too injured to fight recklessly!
You are too injured to fight recklessly!
You are too injured to fight recklessly!
You hit the steam dragon but do no damage.
Your headbutt misses the steam dragon.
The steam dragon is moderately wounded.
The orc throws a tomahawk.
The tomahawk hits you. The steam dragon misses you.
The steam dragon closely misses you.
You hit the steam dragon but do no damage.
Your headbutt misses the steam dragon.
The steam dragon is moderately wounded.
The steam dragon breathes steam at you. The ball of steam hits you!
You hit the steam dragon but do no damage.
The steam dragon is moderately wounded.
You are engulfed in a cloud of scalding steam.
You closely miss the steam dragon. You headbutt the steam dragon!
The steam dragon is severely wounded.
You are engulfed in a cloud of scalding steam.
You block the steam dragon's attack. x2
You hit the steam dragon.
The steam dragon is almost dead.
You are engulfed in a cloud of scalding steam.
The steam dragon bites you. The steam dragon barely misses you.
You hit the steam dragon but do no damage.
Your headbutt misses the steam dragon.
The steam dragon is almost dead.
The steam dragon breathes steam at you. The ball of steam hits you!
* * * LOW HITPOINT WARNING * * *
A red film seems to cover your vision as you go berserk!
You feel yourself moving faster!
You feel mighty!
You are feeling hungry.
You are engulfed in a cloud of scalding steam.
The orc completely misses you. The steam dragon bites you!
* * * LOW HITPOINT WARNING * * *
The steam dragon misses you.
You hit the steam dragon.
You feel the power of Trog in you as your rage grows.
You kill the steam dragon!
Trog accepts your kill.
Your Fighting skill increases to level 8!
Your Axes skill increases to level 8!
You slash the orc!
You kill the orc!
Trog accepts your kill.
You are engulfed in a cloud of scalding steam.
* * * LOW HITPOINT WARNING * * *
The orc priest invokes the aid of Beogh against you.
Beogh smites you!
You die...

.........#####..##.###
########.#####.###.#
#....#.......# #.#
########'##.#.#########..
#.......^.#..............
#...).....###.##########.#
+........(# #.# ..
#......§§.###+#### #.
.......§.§@)o.....
######§.§..#....## #.....#
...# +.<...+ ..# #...?.#
.# ........ .. ######### #


You could see an orc priest.

Vanquished Creatures
  The ghost of othur the Ducker, a novice MiFi of Yredelemnul (D:4)
  A steam dragon (D:5)
  A bullfrog (D:4)
  A scorpion (D:5)
  2 hounds (D:4)
  An iguana (D:3)
  Natasha (D:4)
  A hound skeleton (D:5)
  3 adders
  3 oozes
  2 worms
  7 dart slugs
  2 leopard geckos
  15 orcs
  2 giant cockroaches
  11 goblins
  8 hobgoblins
  8 jackals (D:1)
  A quokka (D:4)
  3 ball pythons
  6 bats
  4 frilled lizards
  6 kobolds
  6 rats
96 creatures vanquished.

Notes
Turn   | Place    | Note
-------+----------+-------------------------------------------
     0 | D:1      | Mgcat the Minotaur Berserker began the quest for the Orb.
     0 | D:1      | Reached XP level 1. HP: 19/19 MP: 0/0
    28 | D:1      | Reached skill level 4 in Fighting
    28 | D:1      | Reached skill level 4 in Axes
    28 | D:1      | Reached XP level 2. HP: 26/27 MP: 1/1
   261 | D:1      | Reached XP level 3. HP: 34/34 MP: 2/2
   292 | D:1      | Reached ** piety under Trog
  1314 | D:2      | Reached XP level 4. HP: 38/41 MP: 3/3
  1369 | D:2      | Reached skill level 5 in Fighting
  1623 | D:3      | Reached skill level 5 in Axes
  1762 | D:3      | Reached *** piety under Trog
  1962 | D:3      | Found a shadowy altar of Dithmenos.
  1966 | D:3      | Found a hide-covered altar of Uskayaw.
  1966 | D:3      | Found a blossoming altar of Fedhas.
  1971 | D:3      | Found a glowing silver altar of Zin.
  2339 | D:4      | Reached XP level 5. HP: 37/48 MP: 4/4
  2412 | D:4      | Noticed othur's ghost (novice MiFi)
  2417 | D:3      | Noticed shakethe's ghost (amateur HOFi)
  2585 | D:4      | Reached skill level 6 in Fighting
  2585 | D:4      | Reached skill level 6 in Axes
  2621 | D:4      | Noticed Natasha
  2628 | D:4      | Killed Natasha
  2656 | D:4      | Reached XP level 6. HP: 49/57 MP: 5/5
  2761 | D:4      | HP: 14/57 [iguana (11)]
  3091 | D:4      | Killed othur's ghost
  3091 | D:4      | Reached skill level 7 in Fighting
  3091 | D:4      | Reached skill level 7 in Axes
  3091 | D:4      | Reached XP level 7. HP: 65/66 MP: 6/6
  3465 | D:5      | Entered Level 5 of the Dungeon
  3531 | D:5      | Noticed a steam dragon
  3538 | D:5      | HP: 16/67 [steam dragon/ball of steam (9)]
  3540 | D:5      | Killed a steam dragon
  3540 | D:5      | Reached skill level 8 in Fighting
  3540 | D:5      | Reached skill level 8 in Axes
  3540 | D:5      | Killed from afar by an orc priest

Skill      XL: |  1  2  3  4  5  6  7 |
---------------+----------------------+-----
Fighting       | 4 5 6 7 8 |  8.2
Axes           | 4 5 6 7 8 |  8.2
Armour         | |  2.4
Dodging        | |  2.1

Action                   |  1- 3 |  4- 6 |  7- 9 || total
-------------------------+-------+-------+-------++-------
Melee: Hand axe          |    74 |   102 |    41 ||   217
       Headbutt          |    15 |    20 |     7 ||    42
Invok: Berserk           |       |     2 |     1 ||     3
       Trog's Hand       |       |     1 |       ||     1
  Use: Scroll            |       |     7 |       ||     7
 Stab: Sleeping          |     1 |       |       ||     1
  Eat: Chunk             |     1 |     7 |     3 ||    11
Armor: Animal skin       |    14 |       |       ||    14
       Leather armour    |     2 |    17 |     7 ||    26
Dodge: Dodged            |    47 |    48 |    21 ||   116
Block: Buckler           |       |    23 |    10 ||    33

Vault maps used:
D:1:      erik_arrival_gehennom, minmay_fountain_box, corexii_leaking_fountain
D:3:      minitemple
D:4:      hangedman_glass_teeth, uniq_natasha
D:5:      first_ration, roderic_lattice_a

Table legend:
 A = Turns spent in this place as a percentage of turns spent in the entire game.
 B = Non-inter-level travel turns spent in this place as a percentage of non-inter-level travel turns spent in the entire game.
 C = Inter-level travel turns spent in this place as a percentage of turns spent in this place.
 D = Turns resting spent in this place as a percentage of non-inter-level travel turns spent in this place.
 E = Turns spent auto-exploring this place as a percentage of non-inter-level travel turns spent in this place.
 F = Non-inter-level travel turns spent in this place divided by the number of levels of this place that you've seen.
                   A       B       C       D       E      F
               +-------+-------+-------+-------+-------+----------------------
         Total | 100.0 | 100.0 |   5.1 |   2.1 |  75.5 | 671.6
       Dungeon | 100.0 | 100.0 |   5.1 |   2.1 |  75.5 | 671.6
               +-------+-------+-------+-------+-------+----------------------

Table legend:
 A = Kills in this place as a percentage of kills in entire the game.
 B = Kills by you in this place as a percentage of kills by you in the entire game.
 C = Kills by friends in this place as a percentage of kills by friends in the entire game.
 D = Other kills in this place as a percentage of other kills in the entire game.
 E = Experience gained in this place as a percentage of experience gained in the entire game.
 F = Experience gained in this place divided by the number of levels of this place that you have seen.
                   A       B       C       D       E      F
               +-------+-------+-------+-------+-------+----------------------
         Total | 100.0 | 100.0 |   N/A |   N/A | 100.0 | 236.8
       Dungeon | 100.0 | 100.0 |   N/A |   N/A | 100.0 | 236.8
               +-------+-------+-------+-------+-------+----------------------
